 Dungeon Sprint DCSS version 0.30.1-1-g62c8e00024 (webtiles) character file.

Game seed: 12658569808486680189

249 boopmooplesden the Fighter (level 5, -4/49 HPs)
             Began as a Demonspawn Berserker on July 15, 2023.
             Was a Priest of Trog.
             Slain by a boulder beetle (15 damage)
             ... in the Dungeon (Sprint II: "The Violet Keep of Menkaure").
             The game lasted 00:00:36 (355 turns).

boopmooplesden the Fighter (Demonspawn Berserker)    Turns: 355, Time: 00:00:36

Health: -4/49      AC:  2    Str: 19    XL:     5   Next: 86%
Magic:  5/5        EV: 13    Int:  8    God:    Trog [***...]
Gold:   486        SH:  0    Dex: 13    Spells: 4/4 levels left

rFire   . . .        a - +0 hand axe
rCold   . . .        (no shield)
rNeg    . . .        b - +0 animal skin
rPois   .            (no helmet)
rElec   .            (no cloak)
rCorr   .            (no gloves)
SInv    .            (no boots)
Will    .....        (no amulet)
Stlth   +            (no ring)
HPRegen 0.28/turn    (no ring)
MPRegen 0.09/turn

%: no teleportation
@: on berserk cooldown, slowed, very slow
A: powered by death 1, sturdy frame 1
a: Renounce Religion, Berserk, Trog's Hand


You were in the Dungeon.
You worshipped Trog.
Trog was most pleased with you.
You visited 1 branch You collected 486 gold pieces.

Inventory:

Hand Weapons
 a - a +0 hand axe (weapon)
Armour
 b - a +0 animal skin (worn)
Scrolls
 h - a scroll of blinking
Potions
 c - a potion of curing
 d - a potion of heal wounds
 e - a potion of haste
 f - 2 potions of magic
 g - a potion of berserk rage


   Skills:
 + Level 8.1 Fighting
 + Level 7.7 Axes
 + Level 3.8 Armour
 + Level 4.0 Dodging


You had 4 spell levels left.
You didn't know any spells.
Your spell library was empty.

Dungeon Overview and Level Annotations

Branches:
Dungeon (1/1)

Altars:


Innate Abilities, Weirdness & Mutations

You regenerate a little health from kills.
Your movements are slightly less encumbered by armour. (ER -2)


Message History

You completely miss the boulder beetle. The boulder beetle bites you!
The boulder beetle waves its antennae.
You hit the boulder beetle but do no damage.
The boulder beetle barely misses you.
You hit the boulder beetle.
The boulder beetle is lightly wounded.
You completely miss the boulder beetle.
The boulder beetle is lightly wounded.
The boulder beetle barely misses you.
You hit the boulder beetle but do no damage.
The boulder beetle is lightly wounded.
The boulder beetle barely misses you.
The boulder beetle leaps!
You barely miss the boulder beetle.
The boulder beetle is lightly wounded.
You hit the boulder beetle.
The boulder beetle is lightly wounded.
The boulder beetle closely misses you.
You hit the boulder beetle.
The boulder beetle is lightly wounded.
The boulder beetle barely misses you.
You barely miss the boulder beetle.
The boulder beetle is lightly wounded.
You hit the boulder beetle but do no damage.
The boulder beetle is lightly wounded.
The boulder beetle bites you.
You hit the boulder beetle but do no damage.
The boulder beetle is lightly wounded.
You hit the boulder beetle but do no damage.
The boulder beetle is lightly wounded.
You are no longer berserk.
You are exhausted.
You feel yourself slow down. The boulder beetle bites you!
* * * LOW HITPOINT WARNING * * *
You hit the boulder beetle but do no damage.
The boulder beetle is lightly wounded.
The boulder beetle barely misses you.
You hit the boulder beetle but do no damage.
The boulder beetle is lightly wounded.
The boulder beetle misses you. The boulder beetle bites you!
You die...

### ###
#.###+###.##
###.##.##...#
+.##†.<.÷##.+
#...##@##...#
##.###B###.##
####B#.####
#.. ..# ##$
.## ## ##


You could see 2 boulder beetles.

Vanquished Creatures
  4 necrophages (D)
  3 worms (D)
7 creatures vanquished.

Notes
Turn   | Place    | Note
-------+----------+-------------------------------------------
     0 | D        | boopmooplesden the Demonspawn Berserker began the quest for
                  | the Orb.
     0 | D        | Reached XP level 1. HP: 18/18 MP: 1/1
     1 | D        | Noticed a necrophage
     1 | D        | Noticed a necrophage
     1 | D        | Noticed a necrophage
     1 | D        | Noticed a necrophage
    13 | D        | Killed a necrophage
    14 | D        | Reached skill level 5 in Fighting
    14 | D        | Reached skill level 5 in Axes
    14 | D        | Gained mutation: Your movements are slightly less
                  | encumbered by armour. (ER -2) [demonic ancestry]
    14 | D        | Reached XP level 2. HP: 27/27 MP: 2/2
    14 | D        | Gained mutation: You regenerate a little health from kills.
                  | [demonic ancestry]
    14 | D        | Reached XP level 3. HP: 33/33 MP: 3/3
    16 | D        | Killed a necrophage
    17 | D        | Reached skill level 6 in Fighting
    17 | D        | Reached XP level 4. HP: 41/41 MP: 4/4
    22 | D        | Killed a necrophage
    22 | D        | Reached ** piety under Trog
    23 | D        | Reached skill level 7 in Fighting
    23 | D        | Reached XP level 5. HP: 41/48 MP: 5/5
    27 | D        | Reached skill level 8 in Fighting
   224 | D        | Reached *** piety under Trog
   336 | D        | Noticed a boulder beetle
   336 | D        | Noticed a boulder beetle
   355 | D        | Slain by a boulder beetle

Illustrated notes

Levels and vault maps discovered:
D:        the_violet_keep_of_menkaure [sprint2_stairs_cluster_1,
          sprint2_shoproom, sprint2_temple, sprint2_basic_supplies,
          sprint2_obstacle_3, sprint2_obstacle_7, sprint2_obstacle_1,
          sprint2_obstacle_5, sprint2_obstacle_2, sprint2_timed_cluster_1,
          sprint2_smallroom_cluster_1, sprint2_smallroom_final_cluster_1,
          sprint2_transparent_cluster_1, sprint2_second_timed_cluster_1,
          sprint2_sniper_area_1, sprint2_heavy_combat_area_1,
          sprint2_mutation_trap_area_1, sprint2_forest_area_1,
          sprint2_light_combat_area_1, sprint2_behind_water_1,
          sprint2_near_end_vault_1]

Skill      XL: |  1  2  3  4  5 |
---------------+----------------+-----
Fighting       | 5 6 7 8 |  8.1
Axes           | 5 6 7 |  7.7
Armour         | 2 3 |  3.8
Dodging        | 2 3 4 |  4.0

Action                     |  1- 3 |  4- 6 || total
---------------------------+-------+-------++-------
  Melee: Hand axe          |    14 |    47 ||    61
 Invoke: Berserk           |     1 |     1 ||     2
 Armour: Animal skin       |       |     1 ||     1
  Dodge: Dodged            |     6 |    14 ||    20
